 Dungeon Crawl Stone Soup version 0.20.1-1-g8b1a95d (webtiles) character file.

70 dencarlsson the Skirmisher (level 4, -9/41 HPs)
             Began as a Minotaur Fighter on Nov 3, 2017.
             Mangled by a gnoll
             ... wielding a +0 halberd
              (13 damage)
             ... on level 2 of the Dungeon.
             The game lasted 00:05:21 (864 turns).

dencarlsson the Skirmisher (Minotaur Fighter)        Turns: 864, Time: 00:05:21

Health: -9/41      AC:  7    Str: 21    XL:     4   Next: 3%
Magic:  3/3        EV:  7    Int:  5    God:
Gold:   33         SH:  9    Dex: 10    Spells: 3/3 levels left

rFire    . . .     SeeInvis .   a - +0 long sword
rCold    . . .     Gourm    .   c - +0 shield
rNeg     . . .     Faith    .   b - +0 scale mail
rPois    .         Spirit   .   (helmet restricted)
rElec    .         Reflect  .   (no cloak)
rCorr    .         Harm     .   (no gloves)
MR       .....                  (no boots)
Stlth    ..........             (no amulet)
Regen    0.2/turn               (no ring)
MPRegen  0.1/turn               (no ring)

@: no status effects
A: retaliatory headbutt, horns 2
a: no special abilities


You were on level 2 of the Dungeon.
You were not hungry.

You visited 1 branch of the dungeon, and saw 2 of its levels.

You collected 33 gold pieces.

Inventory:

Hand Weapons
 a - a +0 long sword (weapon)
 e - a +0 spear
 i - a +0 club
 k - a +0 short sword
 m - a +0 short sword
Missiles
 g - 36 arrows
 h - 3 needles of sleeping
Armour
 b - a +0 scale mail (worn)
 c - a +0 shield (worn)
 r - a +0 chain mail
Jewellery
 o - an uncursed ring of poison resistance {unknown}
 v - an uncursed ring of fire {unknown}
Scrolls
 j - 2 scrolls of fog {unknown}
 l - 5 scrolls of identify {unknown}
 s - a scroll of amnesia {unknown}
 t - a scroll of blinking {unknown}
Potions
 d - a potion of might
 n - a potion of degeneration {unknown}
 q - a potion of curing {unknown}
Comestibles
 f - a bread ration
 p - 2 fruits
 u - 10 chunks of flesh


   Skills:
 + Level 4.4 Fighting
 + Level 3.3 Long Blades
 + Level 4.2 Armour
 + Level 4.2 Shields


You had 3 spell levels left.
You didn't know any spells.

Dungeon Overview and Level Annotations

Branches:
Dungeon (2/15)

Altars:
Xom


Innate Abilities, Weirdness & Mutations

You reflexively headbutt those who attack you in melee.
You have a pair of horns on your head.


Message History

The hobgoblin hits you but does no damage.
Your shield and scale mail prevent you from hitting the hobgoblin.
You headbutt the hobgoblin, but do no damage.
The hobgoblin is heavily wounded.
You block the gnoll's attack. The gnoll hits you but does no damage.
The hobgoblin hits you but does no damage.
You block the gnoll's attack.
You closely miss the hobgoblin.
The hobgoblin is heavily wounded.
You block the hobgoblin's attack. The gnoll closely misses you.
You riposte.
You barely miss the gnoll.
You headbutt the gnoll, but do no damage.
The gnoll is heavily wounded.
The gnoll barely misses you.
You hit the hobgoblin.
You kill the hobgoblin!
The gnoll hits you with a whip.
* * * LOW HITPOINT WARNING * * *
The gnoll hits you from afar with a halberd!
You die...

#)# #.# . #.# #
#g# # #.# #g#
#.# #
#..####g###.##.#
........g@)....#
#<.####.###.####
#.. # ####


You could see 2 gnolls.

Vanquished Creatures
  2 adders (D:2)
  A gnoll (D:2)
  An ooze (D:1)
  2 leopard geckos
  A ball python (D:2)
  A giant cockroach (D:1)
  6 hobgoblins
  5 jackals
  3 kobolds (D:1)
  2 bats (D:1)
  3 frilled lizards
  4 goblins
  2 rats (D:1)
33 creatures vanquished.

Notes
Turn   | Place    | Note
-------+----------+-------------------------------------------
     0 | D:1      | dencarlsson the Minotaur Fighter began the quest for the Orb.
     0 | D:1      | Reached XP level 1. HP: 19/19 MP: 0/0
   261 | D:1      | Reached XP level 2. HP: 27/27 MP: 1/1
   535 | D:1      | Reached XP level 3. HP: 33/33 MP: 2/2
   686 | D:2      | Found a shimmering altar of Xom.
   688 | D:2      | Found a shimmering altar of Xom.
   689 | D:2      | Found a shimmering altar of Xom.
   691 | D:2      | Found a shimmering altar of Xom.
   692 | D:2      | Found a shimmering altar of Xom.
   692 | D:2      | Found a shimmering altar of Xom.
   846 | D:2      | Reached XP level 4. HP: 34/41 MP: 3/3
   864 | D:2      | Mangled by a gnoll

Skill      XL: |  1  2  3 |
---------------+----------+-----
Fighting       | 4 |  4.4
Shields        | 4 |  4.2
Long Blades    | 3 |  3.3
Armour         | 4 |  4.2

Action                   |  1- 3 |  4- 6 || total
-------------------------+-------+-------++-------
Melee: Long sword        |    59 |     7 ||    66
       Headbutt          |    11 |     3 ||    14
Armor: Scale mail        |    33 |     2 ||    35
Dodge: Dodged            |    25 |     9 ||    34
Block: Shield            |    38 |     9 ||    47
       Rpst.: Long sword |     6 |     2 ||     8
